[Event "*** Titled Tuesday Blitz"]
[Site "Chess.com"]
[Date "2018.08.07"]
[Round "5"]
[White "Arystanner23"]
[Black "OparinGrigoriy"]
[Result "0-1"]
[WhiteElo "2581"]
[BlackElo "2880"]
[TimeControl "180+2"]
[EndTime "14:06:33 PDT"]
[Termination "OparinGrigoriy won by resignation"]

1. e4 e5 2. Nf3 Nc6 3. Bb5 a6 4.
Ba4 Nf6 5. d3 b5 6. Bb3 Bc5 7.
Nc3 d6 8. Nd5 h6 9. c3 Rb8 10.
Qe2 Nxd5 11. Bxd5 Ne7 12. Bb3 Ng6 13. d4 Bb6 14. h3 Qf6 15. Be3 O-O 16. dxe5 dxe5 17.
g3 c5 18. Bd5 Ne7 19. Bb3 c4 20. Bc2 Bxe3 21. Qxe3 Rd8 22. h4 Bg4 23. Nh2 Bh3 24.
g4 Qxh4 25. Nf1 Qxg4 26. Qxh3 Qg6 27. Ne3 b4 28. Rd1 bxc3 29. Rxd8+ Rxd8 30. bxc3 Qb6 31. O-O Qb2 32. Rd1 Rxd1+ 33. Bxd1 Qxc3 34. Qd7 Ng6 35. Qe8+ Nf8 36. Be2 Qa1+ 37. Kg2 Qd4 38. Bxc4 Qxe4+ 39. Kg1 Qg6+ 40. Kf1 e4 41. Bd5 Qf6 42. Bxe4 g6 43. Nd5 Qa1+ 44. Kg2 Kg7 45. Ne3 Ne6 46. Qb8 h5 47. Qd6 h4 48. Qxa6 Nf4+ 49. Kf3 Ne6 50. Bd5 Qh1+ 51. Ke2 Nf4+ 52. Kd2 Nxd5 53. Qd6 Nxe3 54. Kxe3 Qe1+ 55. Kf3 Qh1+ 56. Ke3 Qh3+ 57. f3 Qf5 58. Qd4+ Qf6 59. Qxf6+ Kxf6 60. a4 Ke5 61. a5 Kd6 62. Kf4 f6 63. Kg4 g5 64. f4 Kc6 65.
a6 Kb6 66. Kf5 0-1

[Event "*** Titled Tuesday Blitz"]
[Site "Chess.com"]
[Date "2018.08.07"]
[Round "5"]
[White "wonderfultime"]
[Black "eljanov"]
[Result "1-0"]
[WhiteElo "2851"]
[BlackElo "2681"]
[TimeControl "180+2"]
[EndTime "14:06:35 PDT"]
[Termination "wonderfultime won on time"]

1. d4 Nf6 2. Nf3 e6 3. Bf4 b6 4. h3 c5 5. c3 Be7 6. Nbd2 Bb7 7. e3 O-O 8. Bd3 Ba6 9. Bxa6 Nxa6 10. O-O d5 11. Qa4 Nb8 12. c4 Qd7 13. Qb3 Nc6 14.
dxc5 Bxc5 15. Rfd1 Rac8 16. Rac1 Be7 17. cxd5 Nxd5 18. Nc4 Qb7 19. Nd6 Bxd6 20. Bxd6 Rfd8 21. Bg3 h6 22. Ne5 Nxe5 23. Bxe5 Rxc1 24. Rxc1 Rc8 25.
Rd1 Qc6 26. e4 Ne7 27. Qf3 f6 28. Bc3 e5 29. Qg4 Kf7 30. Rd7 Rc7 31. Qh5+ g6 32. Rxc7 gxh5 33. Rxc6 Nxc6 34. Kh2 b5 35. b4 Nd8 36. Kg3 Ne6 37. Kf3 Kg6 38. h4 a6 39.
Ke3 Kf7 40. g3 Kg6 41. f4 exf4+ 42. gxf4 f5 43. Be5 Nd8 44. a3 Nc6 45. Bc3 Nd8 46. Kd4 Nf7 47. e5 Nd8 48. Bd2 Ne6+ 49. Kd5 Kf7 50.
Kc6 Ke8 51. Kb6 Kd7 52. Be3 Nd8 53. Kxa6 Kc6 54. Bc1 Ne6 55. Bd2 Nd4 56. Be3 Nc2 57. Bc5 Nxa3 58. e6 Kc7 59. e7 Kd7 60. Kb6 Ke8 61.
Kc6 1-0

[Event "*** Titled Tuesday Blitz"]
[Site "Chess.com"]
[Date "2018.08.07"]
[Round "5"]
[White "ShadowJolteon"]
[Black "nOcHeaTiNgKiD"]
[Result "1/2-1/2"]
[WhiteElo "2214"]
[BlackElo "2390"]
[TimeControl "180+2"]
[EndTime "14:06:37 PDT"]
[Termination "Game drawn by agreement"]

1. d4 Nf6 2. c4 e6 3. g3 d5 4. Nf3 Bb4+ 5. Bd2 Bd6 6. Bg2 O-O 7. Bg5 Be7 8. Nbd2 Nbd7 9. O-O h6 10. Bxf6 Nxf6 11.
Qc2 c6 12. e4 b6 13. Ne5 Bb7 14. Rac1 Rc8 15. Rfd1 c5 16. exd5 exd5 17. Qd3 dxc4 18.
Ndxc4 Bxg2 19. Kxg2 Qd5+ 20. Qf3 Rfd8 21. dxc5 Qxf3+ 22. Kxf3 Bxc5 23. a3 Kf8 24. b4 Bd4 25.
b5 Bxe5 26. Nxe5 Rxc1 27. Rxc1 Rd5 28. Rc8+ Ke7 29. Nc6+ Kd7 30. Rd8+ Kc7 31. Rf8 Rxb5 32. Nd4 Ra5 33. Rxf7+ Kd6 34. Rxg7 Rxa3+ 35. Kg2 Ke5 36.
Nc6+ Kf5 37. Nxa7 Ra2 38. Kf3 Ra3+ 39. Kg2 Ra2 40. Nc8 Ne4 41. Rf7+ Ke5 42. Nxb6 h5 43. Nc4+ Ke6 44. Rf4 Kd5 45. Ne3+ Ke5 46. Rf5+ Ke6 47. h4 Re2 48. Rf4 Ke5 49. Nc4+ Kd4 50. Ne3 Ke5 51. Nf5 Nxf2 52. Rxf2 Rxf2+ 53. Kxf2 Kxf5 54. Kf3 Ke5 55. Ke3 Kf5 56. Kf3 Ke5 57. Ke3 Kf5 58. Kf2 Kg4 59.
Kg2 Kf5 60. Kf3 Ke5 61. g4 hxg4+ 62. Kxg4 Kf6 63. Kh5 Kg7 64. Kg5 Kh8 65. h5 Kg8 66. Kg6 Kh8 67. h6 Kg8 68. Kf6 Kh8 69. Kg5 Kg8 70.
Kg6 Kh8 71. Kf7 Kh7 1/2-1/2

[Event "*** Titled Tuesday Blitz"]
[Site "Chess.com"]
[Date "2018.08.07"]
[Round "5"]
[White "ShadyH9"]
[Black "rikyshi"]
[Result "1-0"]
[WhiteElo "2250"]
[BlackElo "2176"]
[TimeControl "180+2"]
[EndTime "14:06:43 PDT"]
[Termination "ShadyH9 won on time"]

1. d4 Nf6 2. c4 e6 3. Nf3 Bb4+ 4. Nbd2 O-O 5. a3 Be7 6. e4 d5 7. e5 Nfd7 8. Bd3 c5 9. h4 h6 10. Bb1 Nc6 11. Qc2 f5 12. exf6 Nxf6 13. dxc5 Bxc5 14. b4 Nd4 15. Qd3 dxc4 16. Qxc4 Bb6 17. Bb2 Nxf3+ 18. Nxf3 Qd5 19. Qe2 Bd7 20. O-O Rae8 21. Ba2 Qb5 22. Bc4 Qc6 23. Ne5 Qc7 24. Rad1 Bc8 25. Rc1 Qb8 26. Ng4 Nd5 27. Qe4 Qf4 28. Bd3 Qxe4 29. Bxe4 Bd7 30. Ne5 Bb5 31. Bd3 Bxf2+ 32. Rxf2 Rxf2 33. Kxf2 Rf8+ 34. Kg1 Bxd3 35. Nxd3 b6 36. Rf1 Rc8 37. Rc1 Rf8 38. Ne5 Kh7 39. Nf3 Nf4 40. Rc7 Rg8 41. Be5 Nd5 42. Rxa7 Ne3 43. h5 Nc4 44. Bd4 Nd6 45. Bxb6 Nb5 46.
Ra5 Nc3 47. Bd4 Nd5 48. Ra7 Nf4 49. b5 Nxh5 50. b6 Rb8 51. a4 Kg6 52. a5 Kf5 53. b7 Nf4 54. a6 1-0

[Event "*** Titled Tuesday Blitz"]
[Site "Chess.com"]
[Date "2018.08.07"]
[Round "5"]
[White "KRASAVCHIK2002"]
[Black "CookiesAndIceCream"]
[Result "1-0"]
[WhiteElo "2206"]
[BlackElo "2252"]
[TimeControl "180+2"]
[EndTime "14:06:57 PDT"]
[Termination "KRASAVCHIK2002 won by resignation"]

1. e4 e5 2. Nf3 Nc6 3. Bb5 g6 4. c3 Bg7 5. d4 exd4 6. cxd4 a6 7. Ba4 b5 8. Bb3 Nge7 9. Nc3 Na5 10. Bc2 d6 11. h3 O-O 12. O-O Bb7 13. Bf4 Qd7 14. Qc1 f5 15. Bh6 fxe4 16. Bxe4 Bxe4 17. Nxe4 Nd5 18. Bxg7 Kxg7 19. Nh2 Rae8 20. Nc3 Nf4 21. Qd2 Nc4 22. Qc2 Qc6 23. d5 Nxd5 24. Nxd5 Qxd5 25.
b3 Qd2 26. Rac1 Re2 27. Qxd2 Nxd2 28. Rfe1 Rxe1+ 29. Rxe1 Kf7 30. Re2 Nb1 31. Rc2 c5 32. Ng4 Ke6 33. Ne3 Na3 34. Rd2 Rf4 35. Re2 Kd7 36. Nd5 Rf7 37. g4 c4 38. bxc4 bxc4 39.
Re3 Nb5 40. a4 Nd4 41. Nb6+ Kc6 42. Nxc4 Kc5 43. Nd2 Kb4 44. Ne4 d5 45. Nd6 Rd7 46. Ne8 Kxa4 47. Nf6 Rd6 48. Nxh7 Ne6 49. Nf6 d4 50. Rd3 Nf4 51. Rd1 d3 52. Ne4 Kb3 53. Nxd6 Kc2 54. Rf1 d2 55. Nc4 a5 56. Ne3+ Kd3 57. Ra1 Ke2 58. Nf1 Nxh3+ 59. Kg2 Nxf2 60.
Ra2 Ne4 61. Nxd2 Nxd2 62. Rxa5 Nf3 63. Ra2+ Ke3 64. Ra3+ 1-0

[Event "*** Titled Tuesday Blitz"]
[Site "Chess.com"]
[Date "2018.08.07"]
[Round "5"]
[White "Keranke"]
[Black "penguingm1"]
[Result "0-1"]
[WhiteElo "2828"]
[BlackElo "2835"]
[TimeControl "180+2"]
[EndTime "14:07:11 PDT"]
[Termination "penguingm1 won on time"]

1. c4 e6 2. g3 d5 3. Bg2 Nf6 4.
Nf3 Be7 5. O-O O-O 6. b3 c5 7. cxd5 Nxd5 8. Bb2 b6 9. d4 Bb7 10. Nbd2 Nc6 11. dxc5 Bxc5 12. Rc1 Rc8 13. a3 a5 14. Rc2 Re8 15. Qa1 Bf8 16. Rfc1 b5 17. Ne4 Qb6 18. Nc5 Red8 19. Nxb7 Qxb7 20. h4 h6 21. e3 Rc7 22. Nd4 Rdc8 23. Nf5 g6 24. e4 Nb6 25.
Ne3 Nb8 26. Rxc7 Rxc7 27. Ng4 N8d7 28. Rd1 h5 29. Ne3 Qc8 30. Bf1 b4 31. axb4 axb4 32. Qa5 Rc5 33. Qxb4 Rc2 34. Nxc2 Bxb4 35. Nxb4 Qc5 36.
Nd3 Qc2 37. Rc1 Qxb3 38. Ba1 Qa4 39. Bg2 Qa3 40. Bf1 Qa4 41. Bg2 f6 42. Nf4 Kf7 43. Bh3 e5 44. Nd5 Qxe4 45. Nxb6 Nxb6 46. Rc7+ Ke8 47. Bc3 f5 48. Bg2 Qb1+ 49. Kh2 e4 50.
Rb7 Qc2 51. Bd4 Nd5 52. Rg7 Qc6 53. Bf1 Kf8 54. Ra7 Qc2 55. Kg1 f4 56. Ra5 Qb3 57. Rb5 Qa2 58. gxf4 Nxf4 59. Rb8+ Ke7 60. Rb7+ Kd6 61.
Be3 Nd5 62. Bg5 Qa3 63. Rg7 e3 64. Rxg6+ Ke5 65. fxe3 Nxe3 66. Bh3 Qc1+ 67. Kf2 Qd2+ 68. Kf3 Qh2 69. Be6 Nc2 0-1

[Event "*** Titled Tuesday Blitz"]
[Site "Chess.com"]
[Date "2018.08.07"]
[Round "5"]
[White "indfraeng"]
[Black "Didici"]
[Result "1/2-1/2"]
[WhiteElo "1916"]
[BlackElo "2534"]
[TimeControl "180+2"]
[EndTime "14:07:16 PDT"]
[Termination "Game drawn by agreement"]

1. d4 d5 2. c4 e6 3. g3 Nf6 4. Nf3 Bb4+ 5. Bd2 Bd6 6. Bg2 O-O 7. O-O c6 8. Qc2 Nbd7 9. a4 a5 10. cxd5 exd5 11. Nc3 Re8 12. Bf4 Bxf4 13. gxf4 Nb8 14. e3 Na6 15. Ne5 Nb4 16. Qe2 Nd7 17. Na2 Nxa2 18.
Rxa2 f6 19. Nd3 Nb6 20. b3 Bf5 21. Nc5 Qc7 22. Bf3 Nc8 23. Bg4 Bxg4 24. Qxg4 Nd6 25. Kh1 b6 26. Nd3 c5 27. Rc2 c4 28. Nb2 Qf7 29.
Rfc1 Rac8 30. bxc4 dxc4 31. Qe2 Qd5+ 32. Kg1 Nf5 33. Qg4 c3 34. Rxc3 Rxc3 35. Rxc3 Nxd4 36.
Rc7 Ne6 37. Rc1 f5 38. Qg2 Qxg2+ 39. Kxg2 Rd8 40. Rc6 Kf7 41. Rxb6 Rd5 42. Rb5 Rxb5 43. axb5 Ke7 44. Kf1 Kd7 45. Ke2 Kc7 46. Kd3 Kb6 47.
Kc4 Nc5 48. f3 g6 49. h3 h6 50. h4 h5 51. Nd1 Nb7 52. Nc3 Nd6+ 53. Kd5 Nxb5 54. Na4+ Kc7 55. Ke6 Na3 56. Kf6 Nc4 57. Kxg6 Nxe3 58. Kxh5 Kc6 59. Kg6 Kb5 60. Nb2 Ng2 61.
Kxf5 Nxh4+ 62. Ke6 Kb4 63. f5 Kb3 64. Nd3 Kc3 65.
Nc5 Kc4 66. Na4 Kb4 67. Nb6 Nxf3 68. f6 Kb5 69. Nd5 Kc5 70. Nc3 Kc4 71. Na4 Ng5+ 72.
Ke7 Kb4 73. Nb6 Kb5 74. Nd5 Kc4 75. Nb6+ Kc5 76. Na4+ Kb4 77. Nb2 Kb3 78. Nd3 Kc3 79.
Nc5 Kb4 80. Nd3+ Kc3 81. Nc5 Kc4 82. Na4 Kb4 83. Nb6 Kb5 1/2-1/2

[Event "*** Titled Tuesday Blitz"]
[Site "Chess.com"]
[Date "2018.08.07"]
[Round "5"]
[White "AlanZhang"]
[Black "TBergh98"]
[Result "0-1"]
[WhiteElo "1938"]
[BlackElo "2051"]
[TimeControl "180+2"]
[EndTime "14:07:27 PDT"]
[Termination "TBergh98 won on time"]

1. e4 Nf6 2. e5 Nd5 3. d4 d6 4.
Nf3 dxe5 5. Nxe5 c6 6. Be2 g6 7.
O-O Bg7 8. Nd2 O-O 9. c4 Nc7 10. Ne4 Bf5 11. Ng3 Be6 12. Be3 c5 13. f4 cxd4 14.
Bxd4 Nc6 15. Nxc6 bxc6 16. Bxg7 Kxg7 17. Qc2 Qd4+ 18. Kh1 Rab8 19. b3 f5 20. Rad1 Qf6 21. Bf3 c5 22. Rfe1 Rfd8 23. Re5 Na6 24. Rde1 Rb6 25.
Qe2 Nc7 26. Rxc5 Ne8 27. Re5 Nc7 28. c5 Ra6 29. Bb7 Ra5 30. h3 h5 31. Rxe6 Nxe6 32.
Qxe6 Qxe6 33. Rxe6 Rxc5 34. Rxe7+ Kf6 35. Re2 h4 36. Nf1 Rc1 37. Kg1 Rdd1 38. Rf2 Ke7 39. Ba6 Kd6 40. b4 Kc6 41. Be2 Re1 42. a4 Kd5 43. Ba6 Kd4 44. a5 Kd5 45. Bd3 Kc6 46. b5+ Kc5 47. Rb2 Kd4 48. Be2 Rb1 49. Rxb1 Rxb1 50.
Kf2 Rb2 51. Kf3 Rb3+ 52. Kf2 Rb2 53. Ke1 Kc5 54. Ne3 Ra2 55. a6 Ra3 56. Kf2 Ra2 57. Kf3 Kd4 58. Kf2 Rb2 59. Nd1 Ra2 60. Ne3 Rb2 61. Nd1 Ra2 62. Ke1 Ra1 63. Kd2 Ra2+ 64.
Ke1 Ra1 65. Kf2 Ra2 66. Ne3 Rb2 67. Nc4 Rxb5 68. Ne5 Rb6 69. g3 hxg3+ 70. Kxg3 Rb2 71. Bf3 Rb6 72. Bb7 g5 73. Nc6+ Kc5 74. fxg5 Kd6 75. Nxa7 Ke5 76. Nc8 Rb3+ 77. Kh4 Kf4 78. a7 Rxb7 0-1

[Event "*** Titled Tuesday Blitz"]
[Site "Chess.com"]
[Date "2018.08.07"]
[Round "5"]
[White "Slovak_fighter2000"]
[Black "Orest_Vovk"]
[Result "1-0"]
[WhiteElo "2412"]
[BlackElo "2325"]
[TimeControl "180+2"]
[EndTime "14:08:04 PDT"]
[Termination "Slovak_fighter2000 won by resignation"]

1. d4 Nc6 2. Nf3 d6 3. Bf4 Bg4 4. e3 e6 5. h3 Bh5 6. Be2 Be7 7. O-O Nf6 8. c4 O-O 9. Nc3 Bg6 10. Bh2 Ne4 11. Nxe4 Bxe4 12. Nd2 Bg6 13. a3 e5 14. Nf3 exd4 15. Nxd4 Bf6 16. Qd2 Re8 17. Nxc6 bxc6 18. Rad1 c5 19. b4 cxb4 20. axb4 Qb8 21. b5 a6 22. Bf3 Ra7 23. bxa6 Rxa6 24. c5 Be5 25. cxd6 Rxd6 26. Qc1 Bxh2+ 27. Kxh2 c5 28. Kg1 Rc8 29.
Rxd6 Qxd6 30. Rd1 Qe7 31. Qc4 Bf5 32. Ra1 Be6 33. Qc3 c4 34. Be2 g6 35. Rc1 Qc5 36. Bf3 Rb8 37. Be2 Qb4 38. Qd4 Qb2 39.
Qxb2 Rxb2 40. Bxc4 Bxc4 41. Rxc4 Rb1+ 42. Kh2 g5 43.
Kg3 Kg7 44. Kg4 Rb2 45. Kf3 h6 46. Rc6 Ra2 47. Rb6 Rc2 48. Kg3 Ra2 49. f3 Re2 50. e4 Rd2 51. Rb1 Re2 52. Rg1 Kg6 53. h4 Kh5 54.
Rh1 Kg6 55. Rh2 Ra2 56. Kh3 Rb2 57. g3 Rb3 58. Rf2 Re3 59. hxg5 hxg5 60. Kg4 f6 61. Rc2 Ra3 62. Rc6 Ra4 63. Rc3 Rb4 64. Kh3 Ra4 65. Rc2 Ra3 66. Kg2 Ra4 67. Kf2 g4 68. Rc3 Rb4 69.
Ke3 gxf3 70. Kxf3 Rb5 71. Kf4 Rb1 72. Rc6 Rf1+ 73. Ke3 Re1+ 74. Kf3 Rf1+ 75. Ke2 Rg1 76. Kf2 Ra1 77. e5 Kf5 78. exf6 Ra7 79. Kg2 Rf7 80. Kf3 Kg5 81. Ke4 Kg6 82. Ke5 Rf8 83. f7+ Kg7 84. Rc7 Ra8 85. Ke6 Ra3 86. Ke7 Re3+ 87. Kd8 Rxg3 88.
Ke8 Re3+ 89. Re7 1-0

[Event "*** Titled Tuesday Blitz"]
[Site "Chess.com"]
[Date "2018.08.07"]
[Round "5"]
[White "Kubas1010"]
[Black "misha_melnichuk"]
[Result "1-0"]
[WhiteElo "2479"]
[BlackElo "2599"]
[TimeControl "180+2"]
[EndTime "14:08:22 PDT"]
[Termination "Kubas1010 won by checkmate"]

1. d4 Nf6 2. c4 e6 3. g3 Bb4+ 4.
Bd2 Qe7 5. Bg2 Nc6 6. Nf3 Bxd2+ 7. Nbxd2 d6 8. O-O O-O 9. e3 e5 10. Rb1 a5 11. a3 a4 12. Qc2 h6 13. dxe5 dxe5 14. Nh4 Qc5 15. Rfd1 Bg4 16. Bf3 Be6 17. Rbc1 Rfd8 18. Nf5 Kf8 19. g4 Bxf5 20. Qxf5 Qe7 21. h4 g6 22. Qc2 Kg7 23. Kg2 Rd6 24. g5 hxg5 25. hxg5 Nh7 26. Ne4 Rxd1 27. Rxd1 Nxg5 28. Nxg5 Qxg5+ 29. Kf1 Qf6 30. Bd5 Rh8 31. Qxa4 Rh2 32.
Rd2 Ne7 33. Be4 Nf5 34. Bxf5 Qxf5 35. Qc2 Qh3+ 36. Ke2 Qg4+ 37. Kd3 Qe6 38. Kc3 Rh4 39. b3 e4 40. Kb2 Rh2 41. Qc3+ Qf6 42. a4 g5 43. a5 g4 44. Qxf6+ Kxf6 45. Kc3 Ke6 46. b4 f5 47. b5 Rh1 48. Ra2 Rh8 49. a6 bxa6 50. bxa6 Ra8 51. Kd4 Kd6 52. c5+ Kc6 53. Ra5 Re8 54. Kc4 Ra8 55. Kc3 Rf8 56. Kd4 Re8 57. a7 Ra8 58. Ke5 Kb7 59. Kxf5 Rf8+ 60.
Kxe4 Ka8 61. Ra2 Rf6 62. Ke5 Rf3 63. e4 Rc3 64. Kd5 Rd3+ 65. Ke6 Rc3 66. Ra5 Rc2 67. Kf5 Rxf2+ 68. Kxg4 Rf8 69. e5 Rf1 70. Kg5 c6 71. Kg6 Rg1+ 72. Kf7 Rf1+ 73. Ke7 Re1 74. e6 Rd1 75. Ra6 Rd2 76. Rxc6 Kxa7 77. Rd6 Rc2 78. Kd7 Rxc5 79. e7 Kb7 80. e8=Q Rc7+ 81. Ke6 Ka7 82. Qa4+ Kb7 83. Qb5+ Ka7 84. Ra6# 1-0

[Event "*** Titled Tuesday Blitz"]
[Site "Chess.com"]
[Date "2018.08.07"]
[Round "5"]
[White "BilodeauA"]
[Black "GM_dmitrij"]
[Result "1/2-1/2"]
[WhiteElo "2724"]
[BlackElo "2704"]
[TimeControl "180+2"]
[EndTime "14:08:34 PDT"]
[Termination "Game drawn - insufficient material"]

1. e4 e5 2. Nf3 Nc6 3. Bb5 a6 4. Ba4 Nf6 5. O-O Bc5 6. Bxc6 dxc6 7. d3 Bg4 8. Be3 Nd7 9. Nbd2 Qe7 10. a3 O-O 11. Qe1 Rad8 12. b4 Bd6 13. h3 Be6 14.
Ng5 c5 15. Nxe6 Qxe6 16. Nc4 Rfe8 17. Rb1 b5 18. Na5 Rc8 19. c4 cxb4 20. axb4 c5 21. cxb5 axb5 22. bxc5 Nxc5 23. Bxc5 Rxc5 24. Nb7 Rc7 25.
Rxb5 Bf8 26. Na5 Rd8 27. Qe2 Rc3 28. Nc4 Rcxd3 29. Nxe5 Rd2 30. Qf3 f6 31. Ng4 Qc4 32. Qb3 Qxb3 33. Rxb3 Re2 34. Re3 Rdd2 35. Rxe2 Rxe2 36.
f3 h5 37. Nh2 Bc5+ 38. Kh1 Bd6 39. Rd1 Bxh2 40. Kxh2 h4 41. Rd5 Kf7 42. Kg1 g5 43.
Rd6 Ke7 44. Ra6 Kf7 45. Ra7+ Ke6 46. Ra6+ Ke5 47. Kf1 Rb2 48. Rc6 Ra2 49. Rc5+ Ke6 50. Rd5 Rb2 51. Rf5 Rb1+ 52. Kf2 Rb2+ 53. Kg1 Rb1+ 54.
Kh2 Re1 55. Rb5 Re2 56. Kg1 Re1+ 57. Kf2 Ra1 58. Rb2 Ra3 59. Rd2 Ke5 60. g3 hxg3+ 61. Kxg3 Ra1 62. Rd8 Rg1+ 63. Kf2 Rh1 64. Kg2 Ra1 65. Rd5+ Ke6 66. Rb5 Rc1 67. Kf2 Rh1 68.
Kg2 Rc1 69. Rb8 Ke5 70. Rb5+ Ke6 71. Ra5 Rb1 72. Rf5 Re1 73. Kh2 Ra1 74. Rb5 Rf1 75. Kg3 Rg1+ 76. Kf2 Rc1 77. Rb2 Ke5 78.
Kg3 Rg1+ 79. Rg2 Rxg2+ 80. Kxg2 Kf4 81. Kf2 f5 82. exf5 Kxf5 83. Ke2 Kf4 84. Kf2 Kf5 85. Kg3 Kf6 86. Kg2 Kf5 87. Kf1 Kf4 88. Kf2 Kf5 89. Ke3 Ke5 90. Ke2 Kf4 91. Kf2 Kf5 92.
Kg3 Kf6 93. h4 gxh4+ 94. Kxh4 Kf5 95. f4 Kxf4 1/2-1/2

[Event "*** Titled Tuesday Blitz"]
[Site "Chess.com"]
[Date "2018.08.07"]
[Round "5"]
[White "Firouzja2003"]
[Black "Raja3401"]
[Result "1/2-1/2"]
[WhiteElo "2829"]
[BlackElo "2619"]
[TimeControl "180+2"]
[EndTime "14:09:00 PDT"]
[Termination "Game drawn by agreement"]

1. e4 c5 2. Nf3 d6 3. Bb5+ Nd7 4. O-O a6 5. Bd3 Ngf6 6. Re1 e6 7. c3 b5 8. Bc2 c4 9. b3 cxb3 10. axb3 Be7 11. d4 O-O 12. e5 dxe5 13. dxe5 Nd5 14.
Qd3 g6 15. Qd2 Bb7 16. Qh6 Re8 17. Ng5 Nf8 18. Re4 Rc8 19. Rd4 Qc7 20. c4 Qxe5 21.
Nf3 Qg7 22. Qxg7+ Kxg7 23. Bb2 Bf6 24. Be4 bxc4 25. bxc4 Bxd4 26. Bxd4+ e5 27. Bb2 Rxc4 28. Nbd2 Rcc8 29. Nxe5 f6 30. Bxd5 Bxd5 31. Ng4 Nd7 32. Nf1 h5 33. Nge3 Bb7 34. Rd1 Ne5 35. f4 Nf7 36. f5 Red8 37. Re1 g5 38. Ng3 Rh8 39. Ne2 Rce8 40. Nd4 Nd8 41. Kf2 Kf7 42. Rc1 Re7 43.
Nc4 Rd7 44. Nb3 Re8 45. Nc5 Rd5 46. Ba3 Rxf5+ 47. Kg1 Rxc5 48. Bxc5 Kg6 49. Nd6 Re7 50. Bb6 Re2 51. Bxd8 Rxg2+ 52. Kf1 Bd5 53. Rc5 Bf3 54. Rf5 g4 55. Rxf6+ Kh7 56. Nf5 Rxh2 57. Rh6+ Kg8 58. Bf6 Kf7 59. Be5 Ra2 60. Nd6+ Ke7 61. Nf5+ Kf7 62.
Rxh5 Kg6 63. Ng3 a5 64. Rh8 a4 65. Rb8 Kf7 66. Rb6 a3 67. Ra6 Ke7 68. Bd6+ Kd7 69. Bxa3 Kc8 70. Ra5 Kb7 71. Ra4 Kc6 72. Rc4+ Kd5 73.
Rc3 Kd4 74. Rb3 Kc4 75. Re3 Bg2+ 76. Kg1 Bf3 77. Kf1 Bg2+ 78. Ke1 Bf3 79. Be7 Ra1+ 80. Kf2 Ra2+ 81. Kg1 Rg2+ 82. Kf1 Rxg3 83. Bd6 Rg2 84.
Ra3 Rc2 85. Bb8 Kd5 86. Bg3 Ke4 87. Bb8 Be2+ 88. Kg1 Bf3 89. Kf1 Rc8 90. Bg3 Rc1+ 91. Kf2 Rc2+ 92. Kf1 Rc1+ 93. Kf2 Rc2+ 94. Kf1 1/2-1/2

[Event "*** Titled Tuesday Blitz"]
[Site "Chess.com"]
[Date "2018.08.07"]
[Round "6"]
[White "indfraeng"]
[Black "Quiet_Desperation"]
[Result "0-1"]
[WhiteElo "1904"]
[BlackElo "1907"]
[TimeControl "180+2"]
[EndTime "14:10:52 PDT"]
[Termination "Quiet_Desperation won by resignation"]

1. d4 Nf6 2. c4 e6 3. Nf3 Bb4+ 4. Bd2 Qe7 5. g3 Nc6 6. Bg2 Bxd2+ 7. Qxd2 Ne4 8. Qd3 Qb4+ 9. Nc3 Qxb2 10. O-O Nxc3 11. Rfc1 Nxe2+ 12. Kh1 Nxc1 13. Qb1 Qxb1 14. Rxb1 Nd3 15.
Rd1 Nxf2+ 0-1

[Event "*** Titled Tuesday Blitz"]
[Site "Chess.com"]
[Date "2018.08.07"]
[Round "6"]
[White "Alliswell998"]
[Black "Macron20hTF1"]
[Result "0-1"]
[WhiteElo "2417"]
[BlackElo "2369"]
[TimeControl "180+2"]
[EndTime "14:11:29 PDT"]
[Termination "Macron20hTF1 won by resignation"]

1. e4 e5 2. Nf3 Nf6 3. d4 Nxe4 4. Bd3 d5 5. Nxe5 Nd7 6. c4 Nxe5 7. dxe5 Bb4+ 8. Nd2 O-O 9. O-O Nxd2 10. a3 Nxf1 11. axb4 dxc4 12. Bxc4 Qxd1 13. Bh6 Qxa1 14. Bxf7+ 0-1

[Event "*** Titled Tuesday Blitz"]
[Site "Chess.com"]
[Date "2018.08.07"]
[Round "6"]
[White "CarlssonLudvig"]
[Black "evgenysharapov"]
[Result "0-1"]
[WhiteElo "2199"]
[BlackElo "2354"]
[TimeControl "180+2"]
[EndTime "14:12:33 PDT"]
[Termination "evgenysharapov won by resignation"]

1. d4 d5 2. Nf3 Nf6 3. Bf4 c5 4. e3 Nc6 5. Nbd2 Bg4 6. c3 e6 7.
Qa4 cxd4 8. exd4 Bxf3 9. Nxf3 Bd6 10. Bxd6 Qxd6 11. Be2 O-O 12. O-O a6 13. a3 b5 14.
Qc2 Rfc8 15. Qd2 Rab8 16. Ne1 Na5 17. Bd1 Nc4 18. Qe2 e5 19. dxe5 Qxe5 20. Qxe5 Nxe5 21. Nd3 Nxd3 0-1

[Event "*** Titled Tuesday Blitz"]
[Site "Chess.com"]
[Date "2018.08.07"]
[Round "6"]
[White "Last7Samurai"]
[Black "guillembaches"]
[Result "1-0"]
[WhiteElo "2606"]
[BlackElo "2238"]
[TimeControl "180+2"]
[EndTime "14:12:59 PDT"]
[Termination "Last7Samurai won by resignation"]

1. e4 c5 2. c3 d5 3. exd5 Qxd5 4. d4 Nc6 5. Nf3 Bg4 6. Be2 cxd4 7. cxd4 e6 8. h3 Bh5 9. Nc3 Bb4 10. O-O Qa5 11. d5 O-O-O 12. Ng5 Bg6 13. dxc6 Rxd1 14.
cxb7+ Kxb7 15. Rxd1 Bxc3 16. bxc3 Qxc3 17. Bf3+ Ka6 18. Rd6+ Kb5 19. a4+ Kc5 20. Rc6+ Kb4 21. Rxc3 Kxc3 22. Be3 1-0

[Event "*** Titled Tuesday Blitz"]
[Site "Chess.com"]
[Date "2018.08.07"]
[Round "6"]
[White "vpantev"]
[Black "Slovak_fighter2000"]
[Result "1/2-1/2"]
[WhiteElo "2523"]
[BlackElo "2415"]
[TimeControl "180+2"]
[EndTime "14:13:02 PDT"]
[Termination "Game drawn by agreement"]

1. d4 d5 2. Bf4 Nf6 3. e3 c5 4. c3 Nc6 5. Nd2 e6 6. Ngf3 Bd6 7. Bg3 O-O 8. Be2 b6 9. O-O Bb7 10. a3 Qc7 11. b4 cxb4 12. cxb4 Bxg3 13. hxg3 Rac8 14. Rc1 Qd6 15. Qb3 Nd7 16. Rc3 Ne7 17.
Rfc1 Rxc3 18. Rxc3 Rc8 19. Rxc8+ Nxc8 20. Qc3 Qc6 21.
Nb1 Nd6 22. Qxc6 Bxc6 23. Nc3 Kf8 24. Ne5 Nxe5 25. dxe5 Nc8 26. f4 Ke7 27. g4 f6 28.
exf6+ gxf6 29. Bd3 h6 30. Kf2 Nd6 31. g3 e5 1/2-1/2

[Event "*** Titled Tuesday Blitz"]
[Site "Chess.com"]
[Date "2018.08.07"]
[Round "6"]
[White "timator"]
[Black "BjarkeSahl"]
[Result "1-0"]
[WhiteElo "2374"]
[BlackElo "2219"]
[TimeControl "180+2"]
[EndTime "14:13:25 PDT"]
[Termination "timator won by resignation"]

1. Nf3 Nf6 2. g3 g6 3. Bg2 Bg7 4. O-O O-O 5. d4 d5 6. c4 c6 7. Nbd2 Ne4 8. b3 a5 9. a3 Nc3 10. Qe1 c5 11. e3 Nc6 12. Bb2 cxd4 13. exd4 Nxd4 14. Nxd4 Bxd4 15. Nf3 e5 16. Bxc3 Bxc3 17. Qxc3 d4 18. Qd2 f6 19. Ne1 Kg7 20. Nd3 Qc7 21. f4 Bf5 22. fxe5 fxe5 23. Rae1 Rae8 24. Be4 Bh3 25. Rxf8 Rxf8 26. Bg2 Bf5 1-0

[Event "*** Titled Tuesday Blitz"]
[Site "Chess.com"]
[Date "2018.08.07"]
[Round "6"]
[White "Antifish7"]
[Black "kikydu96"]
[Result "0-1"]
[WhiteElo "2404"]
[BlackElo "2453"]
[TimeControl "180+2"]
[EndTime "14:13:28 PDT"]
[Termination "kikydu96 won by resignation"]

1. e4 e5 2. d4 exd4 3. Qxd4 Nc6 4. Qe3 Nf6 5. Nc3 Bb4 6. Bd2 O-O 7. O-O-O Re8 8. a3 Ba5 9. Qc5 Bb6 10. Qc4 Bxf2 11.
Nf3 d6 12. Bg5 h6 13. Bf4 Be6 14. Nd5 Bxd5 15. exd5 Ne7 16. g3 Ng6 17. Kb1 Re4 18. Qd3 Nxf4 19. gxf4 Rxf4 20. Bg2 Qd7 21. Rhf1 Bb6 22.
c4 a5 0-1

[Event "*** Titled Tuesday Blitz"]
[Site "Chess.com"]
[Date "2018.08.07"]
[Round "6"]
[White "dereito"]
[Black "bilelou"]
[Result "1-0"]
[WhiteElo "2296"]
[BlackElo "2407"]
[TimeControl "180+2"]
[EndTime "14:14:36 PDT"]
[Termination "dereito won by resignation"]

1. d4 Na6 2. Bf4 e6 3. e3 c5 4. Nf3 Nf6 5. Nc3 Nc7 6. dxc5 Bxc5 7. Bd6 Bxd6 8. Qxd6 Nfd5 9. e4 Ne7 10. O-O-O O-O 11. h4 b5 12. h5 b4 13. Qxb4 d5 14. h6 a5 15. Qd4 f6 16. hxg7 Kxg7 17. Bd3 e5 18.
Nxe5 fxe5 19. Qxe5+ Rf6 20. Rxh7+ Kxh7 21. Qxf6 1-0

[Event "*** Titled Tuesday Blitz"]
[Site "Chess.com"]
[Date "2018.08.07"]
[Round "6"]
[White "Orest_Vovk"]
[Black "sergeikim"]
[Result "1/2-1/2"]
[WhiteElo "2326"]
[BlackElo "2364"]
[TimeControl "180+2"]
[EndTime "14:14:54 PDT"]
[Termination "Game drawn by repetition"]

1. g4 d5 2. Bg2 c6 3. h3 e5 4. d4 Nd7 5. c4 dxc4 6. Nf3 exd4 7. Qxd4 Nb6 8. Qxd8+ Kxd8 9. O-O h6 10. Rd1+ Ke8 11. Ne5 Be6 12. a4 a5 13. Nc3 Bb4 14. Nxc6 bxc6 15. Bxc6+ Ke7 16. Bxa8 Nxa8 17. Nd5+ Bxd5 18.
Rxd5 Nf6 19. Re5+ Kd7 20. Be3 Nc7 21. Rd1+ Kc6 22. g5 hxg5 23. Rxg5 Ne6 24. Rb5 Rxh3 25. Rb6+ Kc7 26. Ra6 Kb8 27. Rb6+ Kc7 28. Ra6 Kb8 29. Rb6+ Kc7 30. Ra6 1/2-1/2

[Event "*** Titled Tuesday Blitz"]
[Site "Chess.com"]
[Date "2018.08.07"]
[Round "6"]
[White "b_6"]
[Black "DACF2905"]
[Result "1-0"]
[WhiteElo "2370"]
[BlackElo "2095"]
[TimeControl "180+2"]
[EndTime "14:15:03 PDT"]
[Termination "b_6 won by resignation"]

1. d4 Nf6 2. Bf4 e6 3. e3 d5 4. Nd2 c5 5. c3 Nc6 6. Ngf3 Qb6 7.
Qb3 c4 8. Qc2 h6 9. b3 cxb3 10.
axb3 Nh5 11. Be5 Nxe5 12. Nxe5 Bd6 13. Be2 Nf6 14. Ndf3 O-O 15. O-O Nd7 16. Nd3 Qc7 17.
c4 dxc4 18. bxc4 b6 19. Rfc1 Bb7 20. c5 bxc5 21. dxc5 Be5 22. Nfxe5 Nxe5 23. Nxe5 Qxe5 24. c6 Bc8 25. Bf3 Qc7 26. Qc5 e5 27. Ra5 f6 28.
Rca1 a6 29. Bd5+ Kh8 30. Rb1 Rd8 31. e4 f5 32. Qb6 Qxb6 33. Rxb6 fxe4 34. c7 Rxd5 35.
Rxd5 Ra7 36. Rd8+ 1-0